 Dungeon Crawl Stone Soup version 0.30-b1-5-g8e6c1be481 (webtiles) character file.

Game seed: 11035418178510114649

15 monsoonserge the Covered (level 2, 18/18 HPs)
             Began as a Meteoran Fighter on May 5, 2023.
             Quit the game on level 1 of the Dungeon.
             The game lasted 00:03:02 (593 turns).

monsoonserge the Covered (Meteoran Fighter)          Turns: 593, Time: 00:03:02

Health: 18/18      AC:  7    Str: 17    XL:     2   Next: 88%
Magic:  3/3        EV:  9    Int:  9    God:
Gold:   40         SH:  5    Dex: 13    Spells: 1/1 levels left

rFire   . . .        a - +0 flail
rCold   . . .        c - +0 buckler
rNeg    . . .        b - +0 scale mail
rPois   .            (no helmet)
rElec   .            (no cloak)
rCorr   .            (no gloves)
SInv    .            (no boots)
Will    .....        (no amulet) Stlth
                     (no ring)
HPRegen 0.23/turn    (no ring)
MPRegen 0.08/turn

%: no passive effects
@: glowing
A: sense surroundings 1, otherworldly, glowing, explore regen
a: no special abilities


You were on level 1 of the Dungeon.
You visited 1 branch of the dungeon, and saw 1 of its levels.

You collected 40 gold pieces.

Inventory:

Hand Weapons
 a - a +0 flail (weapon)
Armour
 b - a +0 scale mail (worn)
 c - a +0 buckler (worn)
Potions
 d - a potion of might
 e - a potion of haste {unknown}


   Skills:
 + Level 3.6 Fighting
 + Level 3.0 Maces & Flails
 + Level 3.9 Armour
 + Level 3.8 Shields


You had one spell level left.
You didn't know any spells.
Your spell library was empty.

Dungeon Overview and Level Annotations

Branches:
Dungeon (1/15) Zot: 191

Altars:


Innate Abilities, Weirdness & Mutations

You passively map a small area around you.
You are easily found by Zot.
You glow in the dark.
You regain HP and MP as you explore.


Message History

You kill the goblin!
Your Maces & Flails skill increases to level 3!
You see here a +0 club.
Found 6 stones.
You see here 6 stones.
A kobold comes into view. It is wielding a +0 dagger.
You hit the kobold but do no damage. The kobold hits you with a +0 dagger.
You barely miss the kobold. The kobold hits you with a +0 dagger.
You barely miss the kobold. You block the kobold's attack.
The kobold hits you but does no damage.
You barely miss the kobold. The kobold hits you but does no damage.
You barely miss the kobold. The kobold hits you but does no damage.
You closely miss the kobold. The kobold closely misses you.
The kobold hits you but does no damage.
You closely miss the kobold. You block the kobold's attack.
You barely miss the kobold. The kobold barely misses you.
You hit the kobold.
The kobold is moderately wounded.
The kobold hits you but does no damage.
You completely miss the kobold.
The kobold is moderately wounded.
The kobold hits you but does no damage. The kobold barely misses you.
You hit the kobold.
The kobold is severely wounded.
The kobold hits you but does no damage.
You closely miss the kobold.
The kobold is severely wounded.
The kobold barely misses you.
You hit the kobold.
You kill the kobold!
Things that are here:
a +0 dagger; 2 stones; a kobold corpse You have lingered too long.
Zot senses you.
Dive deeper or flee this branch before you suffer!
There is an open door here.
Zot draws nearer.
Dive deeper or flee this branch before you suffer!
You see here a +0 dagger.
Zot has nearly found you.
Suffering is imminent.
Descend or flee this branch!
Zot's power touches on you...
There is a stone staircase leading down here.
Are you sure you want to abandon this character and quit the game? (Confirm with "yes".)

##...#.# #.#
.......# #####.####
.......# #........#
...........###.##.#
##.....##### #.##.#
#.....# #####.##.#
###.#............#
#.########.....##
#.# #....@..# *#+#
#.......# *
#.......# ,
##.....## , ##...##
, ,####...## ,,
+.......# ,
,,###....## * ,
##.....#


There were no monsters in sight!

Vanquished Creatures
  2 endoplasms (D:1)
  5 goblins (D:1)
  3 kobolds (D:1)
  A quokka (D:1)
  A frilled lizard (D:1)
  A rat (D:1)
13 creatures vanquished.

Notes
Turn   | Place    | Note
-------+----------+-------------------------------------------
     0 | D:1      | monsoonserge the Meteoran Fighter began the quest for the
                  | Orb.
     0 | D:1      | Reached XP level 1. HP: 19/19 MP: 2/2
    96 | D:1      | Reached XP level 2. HP: 26/26 MP: 3/3
   484 | D:1      | Glimpsed the power of Zot.
   534 | D:1      | Glimpsed the power of Zot.
   574 | D:1      | Glimpsed the power of Zot.
   583 | D:1      | Touched by the power of Zot.
   593 | D:1      | Quit the game

Illustrated notes

Levels and vault maps discovered:
D:1:      minmay_arrival_loop, layout_loops_corners, grunt_decor_junction

Skill      XL: |  1  2 |
---------------+-------+-----
Maces & Flails | 3 |  3.0
Fighting       | |  3.6
Armour         | |  3.9
Shields        | |  3.8

Action                     || total
---------------------------++-------
  Melee: Flail             ||    56
 Armour: Scale mail        ||    20
  Dodge: Dodged            ||    18
  Block: Buckler           ||     9
